 Dungeon Crawl Stone Soup version 0.31-a0-267-g3fc6992b3b (webtiles) character file.

Game seed: 15458378585404534515

140 qw the Shooter (level 5, 0/30 HPs)
             Began as a Gargoyle Hexslinger on July 13, 2023.
             Slain by an orc
             ... wielding a +0 flail
              (8 damage)
             ... on level 3 of the Dungeon.
             The game lasted 00:00:42 (1584 turns).

qw the Shooter (Gargoyle Hexslinger)                Turns: 1584, Time: 00:00:43

Health: 0/30       AC:  9    Str: 12    XL:     5   Next: 22%
Magic:  6/6        EV: 15    Int: 13    God:
Gold:   69         SH:  0    Dex: 14    Spells: 5/6 levels left

rFire   . . .        Y - +2 sling
rCold   . . .        (no shield)
rNeg    + . .        f - +0 ring mail
rPois   inf          (no helmet)
rElec   +            (no cloak)
rCorr   .            (no gloves)
SInv    .            (no boots)
Will    .....        (no amulet)
Stlth   +            a - +5 ring of evasion
HPRegen 0.25/turn    (no ring)
MPRegen 0.10/turn

%: no passive effects
@: no status effects
A: sickness immunity, AC +4, negative energy resistance 1, electricity
resistance, torment resistance 1, petrification resistance
a: no special abilities


You were on level 3 of the Dungeon.
You visited 1 branch of the dungeon, and saw 3 of its levels.

You collected 69 gold pieces.


Innate Abilities, Weirdness & Mutations

You are immune to sickness and miasma.
Your stone body is resilient. (AC +4)
You are immune to poison.
You resist negative energy. (rN+)
You are resistant to electric shocks. (rElec)
You are resistant to unholy torment.
You are immune to petrification.


   Skills:
 - Level 2.0 Fighting
 + Level 4.7 Ranged Weapons
 - Level 1.4 Armour
 - Level 1.5 Dodging
 - Level 1.0 Spellcasting
 - Level 2.6 Hexes


You had 5 spell levels left.
You knew the following spells:

 Your Spells              Type           Power      Damage    Failure   Level
a - Slow                  Hex            28%        N/A       21%         1

Your spell library contained the following spells:

 Spells                   Type           Power      Damage    Failure   Level
 Inner Flame              Hex/Fire       4%         N/A       71%         3
 Portal Projectile        Hex/Tloc       8%         N/A       71%         3
 Cause Fear               Hex            3%         N/A       90%         4

Inventory:

Hand Weapons
 Y - a +2 sling (weapon)
Armour
 f - a +0 ring mail (worn)
Jewellery
 a - a +5 ring of evasion (left hand)
Scrolls
 b - a scroll of enchant armour {unknown}
 c - a scroll of identify
Potions
 d - a potion of enlightenment
 e - a potion of curing
 g - a potion of might {unknown}
 h - 3 potions of heal wounds {unknown}
 i - a potion of lignification {unknown}
 j - a potion of ambrosia {unknown}

Dungeon Overview and Level Annotations

Branches:
Dungeon (3/15)

Altars:

Annotations:
D:2 1 runed translucent door, Crazy Yiuf


Message History

You shoot a sling bullet. The sling bullet hits the orc.
You kill the orc!
1573 ||| FLEEEEING.
Things that are here:
a +0 hand axe; a +0 ring mail
Enter note:
Enter note: You shoot a sling bullet.
The sling bullet closely misses the orc.
The orc hits you with a +0 falchion.
You shoot a sling bullet. The sling bullet hits the orc!
You kill the orc!
You shoot a sling bullet. The sling bullet barely misses the orc.
The orc hits you but does no damage. x2
You shoot a sling bullet.
The sling bullet hits the orc but does no damage.
The orc barely misses you.
You shoot a sling bullet.
The sling bullet hits the orc but does no damage.
The orc closely misses you.
You shoot a sling bullet. The sling bullet hits the orc!
You kill the orc!
You shoot a sling bullet. The sling bullet hits the orc.
The orc is lightly wounded.
The orc barely misses you. The orc hits you with a +0 flail.
You shoot a sling bullet.
The sling bullet hits the orc but does no damage.
The orc is lightly wounded.
The orc hits you with a +0 flail.
You shoot a sling bullet.
The sling bullet hits the orc but does no damage.
The orc is lightly wounded.
The orc hits you with a +0 flail.
You shoot a sling bullet.
The sling bullet completely misses the orc.
The orc hits you with a +0 flail. The orc misses you.
You shoot a sling bullet. The sling bullet hits the orc.
The orc is heavily wounded.
The orc hits you with a +0 flail!
You die...

#....##.#.......#
#....#....#####.#
#....#.##.# #.#
##....#.##.# ##..
#.......#### #...
#.#........# #.##
##
#.####%.##.####.#
.o #.#
#..........#
#)#@#
#####..>...#
#.o.# ###...##
##### #...# #...#
#...# #...# #...#
#...# #####


You could see an orc.

Vanquished Creatures
  Natasha (thrice) (D:2)
  An adder (D:3)
  2 worms
  6 orcs (D:3)
  4 endoplasms (D:1)
  4 goblins (D:1)
  2 hobgoblins
  2 jackals (D:1)
  3 quokkas (D:1)
  8 ball pythons
  2 bats
  4 frilled lizards (D:1)
  3 kobolds
  5 rats
49 creatures vanquished.

Notes
Turn   | Place    | Note
-------+----------+-------------------------------------------
     0 | D:1      | qw the Gargoyle Hexslinger began the quest for the Orb.
     0 | D:1      | Reached XP level 1. HP: 12/12 MP: 2/2
     0 | D:1      | 0 ||| qw: Version: 0.3-a-52-g30416fa
     0 | D:1      | 0 ||| qw: Game counter: 7744
     0 | D:1      | 0 ||| qw: Melee chars always use a shield: true
     0 | D:1      | 0 ||| qw: God list: Okawaru
     0 | D:1      | 0 ||| qw: Allow faded altars: false
     0 | D:1      | 0 ||| qw: Do Orc after clearing Dungeon:15 true
     0 | D:1      | 0 ||| qw: Do second Lair branch before Depths: true
     0 | D:1      | 0 ||| qw: Lair rune preference: random
     0 | D:1      | 0 ||| qw: Goals: Normal
     0 | D:1      | 0 ||| PLANNING D:1-11
    84 | D:1      | Reached XP level 2. HP: 16/16 MP: 3/3
   107 | D:1      | Reached skill level 3 in Ranged Weapons
   182 | D:1      | Reached XP level 3. HP: 16/21 MP: 4/4
   457 | D:1      | 457 ||| UPGRADING to +0 ring mail.
   467 | D:1      | 467 ||| DROPPING +0 robe.
   468 | D:1      | 468 ||| READING scroll labelled AHI ZOUCVAODOD.
   469 | D:1      | 469 ||| READING scroll labelled KEDDE QUCHO.
   470 | D:1      | 470 ||| READING scroll labelled QIUGOEXKYA.
   486 | D:1      | 486 ||| DRINKING 2 viscous pink potions.
   487 | D:1      | 487 ||| DROPPING scroll of poison.
   565 | D:2      | Found a runed translucent door.
   566 | D:2      | Noticed Crazy Yiuf
   656 | D:2      | Found a faded altar of an unknown god.
   658 | D:2      | Noticed Natasha
   669 | D:2      | Killed Natasha
   670 | D:2      | Reached XP level 4. HP: 16/26 MP: 5/5
   735 | D:2      | Noticed Natasha
   737 | D:2      | 737 ||| Stepping ~*~*~tactically~*~*~ (outnumbered).
   747 | D:2      | Killed Natasha
   748 | D:2      | Reached skill level 4 in Ranged Weapons
   763 | D:2      | Noticed Natasha
   770 | D:2      | HP: 5/26 [cerulean imp/+2 spear[Natasha] (5)]
   771 | D:2      | Killed Natasha
   772 | D:2      | Reached skill level 1 in Armour
  1290 | D:2      | 1290 ||| UPGRADING to +5 ring of evasion.
  1291 | D:2      | 1291 ||| READING 2 scrolls labelled FEEQOR MYGONET.
  1292 | D:2      | 1292 ||| DRINKING 2 fuming clear potions.
  1293 | D:2      | 1293 ||| DROPPING scroll of amnesia.
  1363 | D:3      | Reached XP level 5. HP: 30/30 MP: 6/6
  1573 | D:3      | 1573 ||| FLEEEEING.
  1584 | D:3      | Slain by an orc

Levels and vault maps discovered:
D:1:      minmay_arrival_four_loops, layout_rooms
D:2:      layout_loops_ring, shapermc_ecumenical_altar_rom_forum,
          uniq_crazy_yiuf_cottage, uniq_natasha
D:3:      layout_basic

Skill      XL: |  1  2  3  4 |
---------------+-------------+-----
Ranged Weapons | 3 4 |  4.7
Fighting       | 2 |  2.0
Armour         | 1 |  1.4
Dodging        | |  1.5
Spellcasting   | |  1.0
Hexes          | |  2.6

Action                     |  1- 3 |  4- 6 || total
---------------------------+-------+-------++-------
   Fire: Sling             |    93 |    78 ||   171
    Use: Scroll            |     3 |     1 ||     4
         Potion            |     1 |     1 ||     2
 Armour: Robe              |     8 |       ||     8
         Ring mail         |     5 |    18 ||    23
  Dodge: Dodged            |    25 |    48 ||    73

Table legend:
 A = Non-vault XP
 B = Vault XP
 C = Vault XP percentage of total XP
 D = Non-vault monster count
 E = Vault monster count
 F = Vault count percentage of total count
                 A         B        C        D         E       F
            +---------+---------+-------+---------+---------+-------
      Total |     165 |      35 |  17.5 |      48 |       1 |   2.0
            +---------+---------+-------+---------+---------+-------
        D:1 |      42 |       0 |   0.0 |      27 |       0 |   0.0
        D:2 |      82 |      35 |  29.9 |       9 |       1 |  10.0
        D:3 |      41 |       0 |   0.0 |      12 |       0 |   0.0
            +---------+---------+-------+---------+---------+-------
